[ AOE2 MATCH · #475015967 ]
UnrankedArmenians vs Wu
[ REPLAY ANALYSIS · EXTRACTED FROM THE RECORDED GAME ]
Feudal
13:37
Castle
17:07
Imperial
—
| APM avg | 57.3 |
| APM peak | 124 |
| eAPM avg | 29.2 |
| Villagers / military | 101 / 26 |
Focus
⚔️ 32.5% · 🌾 67.5%
Militia ×14 · Scout Cavalry ×5 · Knight ×3 · Battering Ram ×3 · Warrior Priest ×1
Feudal
11:19
Castle
25:52
Imperial
—
| APM avg | 29.6 |
| APM peak | 57 |
| eAPM avg | 12.5 |
| Villagers / military | 39 / 10 |
Focus
⚔️ 33.9% · 🌾 66.1%
Archer ×10
Feudal
14:10
Castle
17:51
Imperial
—
| APM avg | 59.2 |
| APM peak | 105 |
| eAPM avg | 20.3 |
| Villagers / military | 51 / 27 |
Focus
⚔️ 16.9% · 🌾 83.1%
Cavalry Archer ×27
Feudal
12:24
Castle
16:08
Imperial
—
| APM avg | 62.1 |
| APM peak | 91 |
| eAPM avg | 31.5 |
| Villagers / military | 85 / 8 |
Focus
⚔️ 40.8% · 🌾 59.2%
Unknown (1974) ×20 · Mangonel ×2 · Scorpion ×2 · Spearman ×2 · Battering Ram ×2
Feudal
13:15
Castle
17:43
Imperial
—
| APM avg | 26.7 |
| APM peak | 106 |
| eAPM avg | 8.9 |
| Villagers / military | 31 / 5 |
Focus
⚔️ 10.3% · 🌾 89.7%
Archer ×3 · Skirmisher ×2
Feudal
13:25
Castle
17:08
Imperial
—
| APM avg | 57.2 |
| APM peak | 82 |
| eAPM avg | 24.8 |
| Villagers / military | 86 / 43 |
Focus
⚔️ 39.2% · 🌾 60.8%
Cavalry Archer ×41 · Mangonel ×2
Feudal
13:38
Castle
17:08
Imperial
—
| APM avg | 55.3 |
| APM peak | 103 |
| eAPM avg | 31.3 |
| Villagers / military | 117 / 53 |
Focus
⚔️ 32.5% · 🌾 67.5%
Gbeto ×37 · Scorpion ×12 · Fishing Ship ×7 · Battering Ram ×4
Feudal
13:37
Castle
17:16
Imperial
—
| APM avg | 42.5 |
| APM peak | 85 |
| eAPM avg | 17.6 |
| Villagers / military | 57 / 0 |
Focus
⚔️ 39.6% · 🌾 60.4%
Unknown (2579) ×48
Match map
Initial resources + every placement click. Lines = walls · curves = elevation contours. ◆ gold · ⬟ stone · ● berries · ✦ relic · ◌ wall gap
Your base· Open — unwalled flank
雨晴日's base· Open — unwalled flank
懦夫's base· Open — unwalled flank
科学性咲恋's base· Open — 3t gap
三福's base· Open — unwalled flank
风悠's base· Open — unwalled flank
しいな まひる's base· Open — unwalled flank
睦子米's base· Open — unwalled flank
Smoothed initial terrain · ◌ = detected wall gap · hover for details
Inputs per minute
— ACirnoStrife - - 雨晴日
Build order — ACirnoStrife
First 150 of 264 actions detected
| 0:34 | Build | Town Center |
| 0:41 | Build | Town Center |
| 0:51 | Build | House |
| 3:07 | Create | Villager (Male) |
| 3:08 | Create | Villager (Male) |
| 3:08 | Create | Villager (Male) |
| 3:08 | Create | Villager (Male) |
| 3:08 | Create | Villager (Male) |
| 4:13 | Create | Villager (Male) |
| 4:16 | Build | House |
| 4:31 | Build | House |
| 4:40 | Create | Villager (Male) |
| 4:40 | Create | Villager (Male) |
| 4:50 | Build | Mule Cart |
| 5:23 | Create | Villager (Male) |
| 5:58 | Create | Villager (Male) |
| 5:58 | Create | Villager (Male) |
| 5:58 | Create | Villager (Male) |
| 6:14 | Create | Villager (Male) |
| 6:54 | Create | Villager (Male) |
| 7:11 | Build | House |
| 7:13 | Create | Villager (Male) |
| 7:41 | Build | House |
| 8:04 | Create | Villager (Male) |
| 8:05 | Create | Villager (Male) |
| 8:06 | Build | House |
| 8:26 | Build | House |
| 8:54 | Create | Villager (Male) |
| 8:59 | Build | House |
| 9:13 | Create | Villager (Male) |
| 9:14 | Create | Villager (Male) |
| 9:19 | Build | House |
| 9:43 | Create | Villager (Male) |
| 9:55 | Build | Barracks |
| 10:34 | Create | Villager (Male) |
| 10:58 | Create | Villager (Male) |
| 11:24 | Research | Feudal Age |
| 11:28 | Build | Mule Cart |
| 11:55 | Research | Loom |
| 11:56 | Create | Villager (Male) |
| 13:37 | Age | Feudal Age |
| 13:39 | Build | Stable |
| 13:42 | Build | Blacksmith |
| 13:47 | Research | Double-Bit Axe |
| 14:20 | Create | Scout Cavalry |
| 14:24 | Research | Castle Age |
| 14:27 | Create | Scout Cavalry |
| 14:45 | Create | Scout Cavalry |
| 15:09 | Build | Mule Cart |
| 15:22 | Create | Scout Cavalry |
| 15:52 | Build | Mule Cart |
| 16:02 | Create | Scout Cavalry |
| 16:12 | Build | Mill |
| 16:35 | Create | Villager (Male) |
| 16:41 | Build | House |
| 17:07 | Age | Castle Age |
| 17:10 | Build | Town Center |
| 17:35 | Create | Villager (Male) |
| 17:51 | Create | Knight |
| 17:54 | Create | Villager (Male) |
| 18:15 | Create | Villager (Male) |
| 18:26 | Create | Villager (Male) |
| 18:29 | Create | Villager (Male) |
| 18:35 | Create | Villager (Male) |
| 18:43 | Build | Monastery |
| 18:52 | Create | Villager (Male) |
| 19:04 | Create | Villager (Male) |
| 19:10 | Research | Horse Collar |
| 19:27 | Build | Stone Wall |
| 19:38 | Build | Stone Wall |
| 19:41 | Create | Villager (Male) |
| 19:41 | Create | Villager (Male) |
| 20:03 | Create | Villager (Male) |
| 20:05 | Create | Villager (Male) |
| 20:10 | Create | Villager (Male) |
| 20:17 | Build | Town Center |
| 20:20 | Build | House |
| 20:22 | Build | House |
| 20:24 | Build | House |
| 20:25 | Build | House |
| 20:46 | Research | Bow Saw |
| 20:48 | Create | Villager (Male) |
| 20:50 | Build | Farm |
| 20:52 | Build | Farm |
| 20:55 | Build | Farm |
| 21:01 | Build | Farm |
| 21:16 | Create | Warrior Priest |
| 21:31 | Build | Farm |
| 21:32 | Build | Farm |
| 21:34 | Build | Farm |
| 21:37 | Create | Villager (Male) |
| 21:46 | Build | Farm |
| 21:49 | Build | House |
| 21:50 | Build | House |
| 22:15 | Create | Villager (Male) |
| 22:16 | Create | Villager (Male) |
| 22:16 | Create | Villager (Male) |
| 22:19 | Build | Farm |
| 22:20 | Build | Farm |
| 22:22 | Build | Farm |
| 22:35 | Create | Villager (Male) |
| 22:35 | Create | Villager (Male) |
| 22:46 | Create | Villager (Male) |
| 22:53 | Build | House |
| 22:55 | Build | House |
| 22:56 | Build | House |
| 22:57 | Build | House |
| 23:09 | Create | Villager (Male) |
| 23:10 | Create | Villager (Male) |
| 23:15 | Build | Barracks |
| 23:16 | Build | Barracks |
| 23:24 | Create | Villager (Male) |
| 23:27 | Build | Farm |
| 23:27 | Build | Farm |
| 23:27 | Build | Farm |
| 23:28 | Build | Farm |
| 23:28 | Build | Farm |
| 23:28 | Build | Farm |
| 23:28 | Build | Farm |
| 23:41 | Create | Villager (Male) |
| 23:47 | Build | Mill |
| 23:50 | Build | Farm |
| 23:51 | Build | Farm |
| 23:54 | Create | Villager (Male) |
| 23:54 | Create | Villager (Male) |
| 24:03 | Build | Stone Wall |
| 24:12 | Build | Farm |
| 24:15 | Build | Farm |
| 24:19 | Build | Farm |
| 24:22 | Build | Farm |
| 24:23 | Create | Villager (Male) |
| 24:23 | Create | Villager (Male) |
| 24:25 | Build | Farm |
| 24:30 | Create | Villager (Male) |
| 24:40 | Build | Farm |
| 24:41 | Create | Villager (Male) |
| 24:58 | Research | Man-at-Arms (upgrade) |
| 25:01 | Create | Villager (Male) |
| 25:05 | Build | Gate |
| 25:12 | Build | House |
| 25:13 | Build | House |
| 25:15 | Create | Villager (Male) |
| 25:15 | Create | Villager (Male) |
| 25:15 | Create | Villager (Male) |
| 25:28 | Build | Town Center |
| 25:36 | Create | Villager (Male) |
| 25:36 | Create | Villager (Male) |
| 25:36 | Create | Villager (Male) |
| 25:38 | Create | Militia |
| 25:38 | Create | Militia |
Build order — 雨晴日
89 actions detected in the replay
| 0:10 | Build | Town Center |
| 2:29 | Create | Villager (Male) |
| 2:29 | Create | Villager (Male) |
| 2:29 | Create | Villager (Male) |
| 2:29 | Create | Villager (Male) |
| 2:31 | Build | House |
| 3:46 | Create | Villager (Male) |
| 4:13 | Build | Lumber Camp |
| 4:29 | Create | Villager (Male) |
| 4:43 | Build | House |
| 4:53 | Create | Villager (Male) |
| 5:11 | Create | Villager (Male) |
| 5:44 | Create | Villager (Male) |
| 6:03 | Create | Villager (Male) |
| 6:24 | Create | Villager (Male) |
| 6:44 | Build | House |
| 6:52 | Create | Villager (Male) |
| 7:23 | Create | Villager (Male) |
| 7:35 | Build | Mining Camp |
| 7:43 | Create | Villager (Male) |
| 8:17 | Create | Villager (Male) |
| 8:35 | Research | Loom |
| 9:03 | Research | Feudal Age |
| 10:14 | Build | Barracks |
| 10:18 | Build | House |
| 10:32 | Create | Villager (Male) |
| 10:48 | Build | Mill |
| 11:19 | Age | Feudal Age |
| 11:21 | Build | Archery Range |
| 11:24 | Research | Double-Bit Axe |
| 11:25 | Create | Villager (Male) |
| 11:44 | Research | Horse Collar |
| 12:04 | Create | Villager (Male) |
| 12:08 | Build | House |
| 12:13 | Build | Farm |
| 12:16 | Create | Archer |
| 12:22 | Build | Farm |
| 12:33 | Create | Villager (Male) |
| 12:47 | Build | Farm |
| 12:50 | Create | Villager (Male) |
| 12:51 | Create | Archer |
| 13:09 | Build | Farm |
| 13:15 | Create | Villager (Male) |
| 13:21 | Create | Archer |
| 13:27 | Build | House |
| 13:43 | Create | Villager (Male) |
| 13:46 | Build | Farm |
| 13:57 | Create | Archer |
| 14:08 | Create | Villager (Male) |
| 14:20 | Create | Villager (Male) |
| 14:24 | Build | Farm |
| 14:27 | Build | Farm |
| 14:30 | Create | Archer |
| 14:41 | Build | House |
| 14:51 | Create | Villager (Male) |
| 15:19 | Build | Blacksmith |
| 15:23 | Create | Villager (Male) |
| 15:26 | Create | Archer |
| 15:41 | Create | Villager (Male) |
| 16:03 | Research | Fletching |
| 16:04 | Create | Villager (Male) |
| 16:24 | Build | Town Center |
| 16:29 | Create | Villager (Male) |
| 16:32 | Create | Archer |
| 16:37 | Build | House |
| 16:40 | Build | House |
| 16:48 | Create | Archer |
| 16:51 | Build | Farm |
| 16:54 | Build | Farm |
| 16:57 | Create | Villager (Male) |
| 17:01 | Build | Farm |
| 17:07 | Build | House |
| 17:22 | Create | Archer |
| 17:22 | Create | Villager (Male) |
| 17:46 | Create | Villager (Male) |
| 17:57 | Create | Villager (Male) |
| 18:34 | Build | House |
| 19:09 | Create | Villager (Male) |
| 19:21 | Create | Villager (Male) |
| 19:25 | Create | Archer |
| 19:43 | Build | Market |
| 20:21 | Create | Villager (Male) |
| 20:41 | Create | Villager (Male) |
| 20:56 | Create | Villager (Male) |
| 23:12 | Research | Castle Age |
| 23:42 | Build | Lumber Camp |
| 25:52 | Age | Castle Age |
| 29:43 | Build | Town Center |
| 31:19 | Create | Villager (Male) |
Build order — 懦夫
134 actions detected in the replay
| 0:29 | Build | Town Center |
| 1:37 | Build | House |
| 2:45 | Create | Villager (Male) |
| 2:45 | Create | Villager (Male) |
| 2:49 | Create | Villager (Male) |
| 2:49 | Create | Villager (Male) |
| 2:49 | Create | Villager (Male) |
| 3:41 | Create | Villager (Male) |
| 3:41 | Create | Villager (Male) |
| 4:33 | Build | House |
| 4:55 | Create | Villager (Male) |
| 4:55 | Create | Villager (Male) |
| 4:55 | Create | Villager (Male) |
| 5:03 | Build | Lumber Camp |
| 5:07 | Create | Villager (Male) |
| 5:07 | Create | Villager (Male) |
| 5:16 | Create | Villager (Male) |
| 5:16 | Create | Villager (Male) |
| 6:09 | Create | Villager (Male) |
| 6:10 | Create | Villager (Male) |
| 6:10 | Create | Villager (Male) |
| 6:47 | Build | House |
| 7:22 | Create | Villager (Male) |
| 7:22 | Create | Villager (Male) |
| 7:22 | Create | Villager (Male) |
| 8:02 | Create | Villager (Male) |
| 8:02 | Create | Villager (Male) |
| 8:02 | Create | Villager (Male) |
| 8:03 | Create | Villager (Male) |
| 8:20 | Create | Villager (Male) |
| 8:37 | Create | Villager (Male) |
| 8:38 | Create | Villager (Male) |
| 9:17 | Build | Mill |
| 9:26 | Build | House |
| 9:41 | Create | Villager (Male) |
| 9:42 | Create | Villager (Male) |
| 9:52 | Build | House |
| 9:54 | Build | Palisade Wall |
| 9:57 | Build | Palisade Wall |
| 10:18 | Create | Villager (Male) |
| 11:02 | Build | Palisade Gate |
| 11:04 | Build | Palisade Wall |
| 11:21 | Research | Loom |
| 11:23 | Research | Feudal Age |
| 11:23 | Research | Feudal Age |
| 11:51 | Build | Barracks |
| 11:55 | Create | Villager (Male) |
| 12:30 | Create | Villager (Male) |
| 13:25 | Build | House |
| 14:10 | Age | Feudal Age |
| 14:12 | Build | Archery Range |
| 14:14 | Build | Blacksmith |
| 14:21 | Build | House |
| 14:30 | Research | Double-Bit Axe |
| 14:44 | Build | Mining Camp |
| 15:11 | Research | Castle Age |
| 15:45 | Build | Archery Range |
| 15:52 | Research | Fletching |
| 16:03 | Research | Gold Mining |
| 16:15 | Build | House |
| 17:00 | Build | House |
| 17:04 | Create | Villager (Male) |
| 17:08 | Research | Wheelbarrow |
| 17:22 | Build | Farm |
| 17:23 | Build | Farm |
| 17:51 | Age | Castle Age |
| 17:53 | Create | Cavalry Archer |
| 17:54 | Create | Cavalry Archer |
| 17:54 | Research | Bodkin Arrow |
| 17:54 | Research | Bodkin Arrow |
| 17:56 | Create | Villager (Male) |
| 18:14 | Create | Cavalry Archer |
| 18:14 | Create | Cavalry Archer |
| 18:16 | Create | Cavalry Archer |
| 18:16 | Create | Cavalry Archer |
| 18:18 | Create | Villager (Male) |
| 18:25 | Build | Stable |
| 18:41 | Research | Bow Saw |
| 18:54 | Create | Villager (Male) |
| 19:00 | Build | Farm |
| 19:14 | Create | Cavalry Archer |
| 19:14 | Create | Cavalry Archer |
| 19:26 | Create | Villager (Male) |
| 19:28 | Build | Farm |
| 19:40 | Create | Villager (Male) |
| 19:52 | Build | House |
| 20:02 | Create | Villager (Male) |
| 20:35 | Create | Villager (Male) |
| 20:37 | Create | Cavalry Archer |
| 20:37 | Create | Cavalry Archer |
| 20:43 | Create | Villager (Male) |
| 20:45 | Build | Farm |
| 20:59 | Build | House |
| 21:01 | Build | House |
| 21:16 | Create | Cavalry Archer |
| 21:16 | Create | Cavalry Archer |
| 21:21 | Research | Husbandry |
| 21:22 | Research | Husbandry |
| 21:24 | Create | Villager (Male) |
| 21:49 | Create | Villager (Male) |
| 21:50 | Create | Cavalry Archer |
| 21:50 | Create | Cavalry Archer |
| 21:59 | Build | University |
| 22:16 | Create | Villager (Male) |
| 22:18 | Create | Cavalry Archer |
| 22:18 | Create | Cavalry Archer |
| 22:21 | Build | House |
| 22:55 | Create | Cavalry Archer |
| 22:55 | Create | Cavalry Archer |
| 23:09 | Build | Lumber Camp |
| 23:19 | Create | Villager (Male) |
| 23:35 | Build | Lumber Camp |
| 23:52 | Create | Cavalry Archer |
| 23:52 | Create | Cavalry Archer |
| 23:52 | Create | Cavalry Archer |
| 23:53 | Create | Villager (Male) |
| 23:53 | Create | Villager (Male) |
| 24:34 | Research | Bloodlines |
| 24:34 | Research | Bloodlines |
| 24:51 | Create | Cavalry Archer |
| 24:52 | Create | Cavalry Archer |
| 24:52 | Create | Cavalry Archer |
| 24:58 | Create | Villager (Male) |
| 25:23 | Research | Wheelbarrow |
| 26:38 | Create | Cavalry Archer |
| 26:38 | Create | Cavalry Archer |
| 26:38 | Create | Cavalry Archer |
| 29:26 | Build | Town Center |
| 30:22 | Create | Villager (Male) |
| 30:22 | Create | Villager (Male) |
| 30:23 | Create | Villager (Male) |
| 30:52 | Build | Farm |
| 30:52 | Build | Farm |
| 31:03 | Build | Town Center |
Build order — 科学性咲恋
First 150 of 187 actions detected
| 0:11 | Build | Town Center |
| 0:20 | Build | House |
| 2:19 | Create | Villager (Male) |
| 2:19 | Create | Villager (Male) |
| 2:20 | Create | Villager (Male) |
| 2:39 | Create | Villager (Male) |
| 3:15 | Create | Villager (Male) |
| 3:39 | Create | Villager (Male) |
| 4:02 | Build | House |
| 4:09 | Create | Villager (Male) |
| 4:24 | Build | Lumber Camp |
| 4:28 | Create | Villager (Male) |
| 5:03 | Create | Villager (Male) |
| 5:07 | Create | Villager (Male) |
| 5:53 | Create | Villager (Male) |
| 6:31 | Build | House |
| 6:46 | Create | Villager (Male) |
| 6:59 | Create | Villager (Male) |
| 7:04 | Create | Villager (Male) |
| 7:08 | Build | Mill |
| 7:12 | Create | Villager (Male) |
| 7:25 | Create | Villager (Male) |
| 8:02 | Build | House |
| 8:16 | Create | Villager (Male) |
| 8:16 | Create | Villager (Male) |
| 8:20 | Build | House |
| 8:38 | Build | House |
| 8:41 | Build | House |
| 8:50 | Create | Villager (Male) |
| 9:05 | Build | Mining Camp |
| 10:08 | Research | Feudal Age |
| 10:08 | Research | Feudal Age |
| 10:16 | Build | House |
| 10:32 | Build | House |
| 11:02 | Build | Barracks |
| 11:16 | Create | Villager (Male) |
| 11:17 | Create | Villager (Male) |
| 11:22 | Research | Loom |
| 11:26 | Create | Villager (Male) |
| 12:24 | Age | Feudal Age |
| 12:25 | Build | Blacksmith |
| 12:29 | Build | Market |
| 12:32 | Create | Spearman |
| 13:28 | Research | Castle Age |
| 13:28 | Research | Castle Age |
| 13:45 | Build | House |
| 13:46 | Build | House |
| 13:50 | Build | Mill |
| 14:04 | Research | Scale Mail Armor |
| 14:04 | Research | Scale Mail Armor |
| 14:06 | Research | Loom |
| 14:06 | Research | Loom |
| 14:33 | Build | Mill |
| 15:24 | Build | Barracks |
| 16:08 | Age | Castle Age |
| 16:10 | Create | Unit 1974 |
| 16:10 | Create | Unit 1974 |
| 16:10 | Create | Unit 1974 |
| 16:17 | Create | Villager (Male) |
| 16:18 | Create | Unit 1974 |
| 16:18 | Create | Unit 1974 |
| 16:20 | Create | Villager (Male) |
| 16:23 | Research | Double-Bit Axe |
| 16:24 | Research | Double-Bit Axe |
| 16:26 | Create | Unit 1974 |
| 16:27 | Create | Unit 1974 |
| 16:42 | Research | Squires |
| 16:42 | Research | Squires |
| 16:55 | Create | Villager (Male) |
| 17:07 | Build | Siege Workshop |
| 17:12 | Create | Unit 1974 |
| 17:47 | Create | Villager (Male) |
| 17:49 | Create | Unit 1974 |
| 17:49 | Create | Unit 1974 |
| 17:50 | Create | Unit 1974 |
| 17:53 | Create | Villager (Male) |
| 18:01 | Create | Battering Ram |
| 18:04 | Build | House |
| 18:04 | Build | House |
| 18:07 | Create | Villager (Male) |
| 18:41 | Create | Unit 1974 |
| 18:41 | Create | Unit 1974 |
| 19:08 | Create | Villager (Male) |
| 19:10 | Create | Mangonel |
| 19:10 | Create | Spearman |
| 19:21 | Create | Villager (Male) |
| 19:29 | Create | Villager (Male) |
| 19:34 | Create | Villager (Male) |
| 20:18 | Create | Villager (Male) |
| 20:19 | Create | Unit 1974 |
| 20:19 | Create | Unit 1974 |
| 20:30 | Build | Town Center |
| 20:53 | Create | Villager (Male) |
| 20:56 | Create | Unit 1974 |
| 20:56 | Create | Unit 1974 |
| 21:08 | Build | Farm |
| 21:09 | Build | Farm |
| 21:09 | Build | Farm |
| 21:09 | Build | Farm |
| 21:09 | Build | Farm |
| 21:33 | Create | Villager (Male) |
| 21:35 | Build | Farm |
| 21:54 | Create | Mangonel |
| 22:14 | Create | Villager (Male) |
| 22:24 | Create | Unit 1974 |
| 22:58 | Create | Villager (Male) |
| 23:06 | Create | Villager (Male) |
| 23:23 | Create | Villager (Male) |
| 23:25 | Create | Villager (Male) |
| 23:29 | Build | Farm |
| 23:29 | Build | Farm |
| 23:31 | Build | House |
| 23:35 | Build | House |
| 23:40 | Create | Villager (Male) |
| 23:51 | Create | Villager (Male) |
| 23:59 | Build | Farm |
| 24:04 | Create | Villager (Male) |
| 24:07 | Build | Farm |
| 24:08 | Build | Farm |
| 24:18 | Build | Town Center |
| 24:20 | Create | Villager (Male) |
| 24:31 | Create | Villager (Male) |
| 24:37 | Build | Mining Camp |
| 24:40 | Create | Villager (Male) |
| 24:50 | Create | Battering Ram |
| 24:52 | Create | Villager (Male) |
| 25:17 | Create | Unit 1974 |
| 25:17 | Create | Unit 1974 |
| 25:18 | Create | Villager (Male) |
| 25:25 | Create | Villager (Male) |
| 25:32 | Create | Villager (Male) |
| 25:38 | Create | Scorpion |
| 25:38 | Create | Scorpion |
| 25:39 | Create | Villager (Male) |
| 25:49 | Create | Villager (Male) |
| 26:00 | Create | Villager (Male) |
| 26:03 | Create | Villager (Male) |
| 26:15 | Build | Farm |
| 26:25 | Build | House |
| 26:27 | Build | House |
| 26:28 | Build | House |
| 26:30 | Build | House |
| 26:31 | Build | House |
| 26:44 | Build | House |
| 26:45 | Create | Villager (Male) |
| 27:06 | Build | Lumber Camp |
| 27:38 | Build | Town Center |
| 27:40 | Create | Villager (Male) |
| 27:50 | Create | Villager (Male) |
| 27:57 | Create | Villager (Male) |
Build order — 三福
61 actions detected in the replay
| 0:19 | Build | Town Center |
| 1:37 | Build | House |
| 2:40 | Create | Villager (Male) |
| 2:40 | Create | Villager (Male) |
| 2:41 | Create | Villager (Male) |
| 2:41 | Create | Villager (Male) |
| 3:44 | Create | Villager (Male) |
| 3:45 | Create | Villager (Male) |
| 4:06 | Create | Villager (Male) |
| 4:14 | Build | Lumber Camp |
| 4:44 | Create | Villager (Male) |
| 5:08 | Create | Villager (Male) |
| 5:13 | Build | House |
| 5:16 | Research | Loom |
| 5:25 | Create | Villager (Male) |
| 5:31 | Build | Mill |
| 5:41 | Create | Villager (Male) |
| 6:29 | Create | Villager (Male) |
| 6:36 | Create | Villager (Male) |
| 6:43 | Build | House |
| 7:20 | Create | Villager (Male) |
| 7:40 | Create | Villager (Male) |
| 7:52 | Create | Villager (Male) |
| 8:16 | Create | Villager (Male) |
| 8:34 | Build | Barracks |
| 8:52 | Build | Mining Camp |
| 9:01 | Create | Villager (Male) |
| 9:35 | Create | Villager (Male) |
| 9:36 | Create | Villager (Male) |
| 9:55 | Build | House |
| 10:15 | Create | Villager (Male) |
| 10:32 | Create | Villager (Male) |
| 10:57 | Research | Feudal Age |
| 11:46 | Build | House |
| 12:23 | Create | Villager (Male) |
| 13:14 | Build | Mining Camp |
| 13:15 | Age | Feudal Age |
| 13:22 | Build | Archery Range |
| 13:45 | Build | Blacksmith |
| 13:48 | Create | Villager (Male) |
| 13:49 | Create | Villager (Male) |
| 13:49 | Create | Villager (Male) |
| 13:58 | Create | Archer |
| 14:02 | Create | Archer |
| 14:03 | Create | Archer |
| 14:31 | Research | Castle Age |
| 14:31 | Research | Castle Age |
| 15:27 | Build | Mining Camp |
| 15:37 | Build | Farm |
| 16:24 | Build | House |
| 17:43 | Age | Castle Age |
| 17:53 | Create | Villager (Male) |
| 17:53 | Create | Villager (Male) |
| 18:32 | Build | Farm |
| 18:34 | Build | Farm |
| 18:43 | Create | Villager (Male) |
| 18:44 | Create | Villager (Male) |
| 18:44 | Create | Villager (Male) |
| 19:06 | Create | Skirmisher |
| 19:06 | Create | Skirmisher |
| 19:15 | Build | Castle |
Build order — 风悠
First 150 of 195 actions detected
| 0:22 | Build | Town Center |
| 2:24 | Create | Villager (Male) |
| 2:24 | Create | Villager (Male) |
| 2:38 | Create | Villager (Male) |
| 2:38 | Create | Villager (Male) |
| 3:24 | Create | Villager (Male) |
| 4:21 | Create | Villager (Male) |
| 4:21 | Create | Villager (Male) |
| 4:59 | Build | Mill |
| 5:24 | Create | Villager (Male) |
| 5:46 | Create | Villager (Male) |
| 5:59 | Create | Villager (Male) |
| 6:14 | Create | Villager (Male) |
| 6:41 | Create | Villager (Male) |
| 6:47 | Create | Villager (Male) |
| 6:57 | Create | Villager (Male) |
| 7:13 | Create | Villager (Male) |
| 7:38 | Create | Villager (Male) |
| 7:51 | Build | Lumber Camp |
| 8:02 | Create | Villager (Male) |
| 8:28 | Create | Villager (Male) |
| 8:44 | Create | Villager (Male) |
| 8:50 | Create | Villager (Male) |
| 9:11 | Research | Loom |
| 9:50 | Create | Villager (Male) |
| 9:51 | Create | Villager (Male) |
| 10:27 | Build | Palisade Wall |
| 10:28 | Build | Palisade Wall |
| 10:32 | Build | Palisade Wall |
| 10:37 | Build | Barracks |
| 10:37 | Create | Villager (Male) |
| 10:39 | Build | Palisade Wall |
| 10:40 | Build | Palisade Wall |
| 10:41 | Build | Palisade Wall |
| 10:42 | Build | Palisade Wall |
| 11:05 | Research | Feudal Age |
| 12:35 | Create | Villager (Male) |
| 12:35 | Create | Villager (Male) |
| 13:25 | Age | Feudal Age |
| 13:26 | Build | Archery Range |
| 13:28 | Build | Blacksmith |
| 13:44 | Research | Town Watch |
| 13:47 | Build | Watch Tower |
| 13:51 | Research | Double-Bit Axe |
| 14:28 | Research | Castle Age |
| 14:28 | Research | Castle Age |
| 15:23 | Build | Archery Range |
| 15:26 | Research | Fletching |
| 15:26 | Research | Padded Archer Armor |
| 16:17 | Build | Archery Range |
| 16:44 | Create | Villager (Male) |
| 17:08 | Age | Castle Age |
| 17:09 | Research | Bodkin Arrow |
| 17:13 | Create | Cavalry Archer |
| 17:13 | Create | Cavalry Archer |
| 17:13 | Create | Cavalry Archer |
| 17:16 | Create | Cavalry Archer |
| 17:18 | Build | Mining Camp |
| 17:19 | Create | Villager (Male) |
| 17:35 | Create | Villager (Male) |
| 17:42 | Research | Bow Saw |
| 17:42 | Research | Bow Saw |
| 17:43 | Create | Cavalry Archer |
| 17:44 | Create | Cavalry Archer |
| 18:17 | Create | Villager (Male) |
| 18:19 | Create | Cavalry Archer |
| 18:19 | Create | Cavalry Archer |
| 18:36 | Create | Cavalry Archer |
| 18:36 | Create | Cavalry Archer |
| 18:36 | Create | Cavalry Archer |
| 18:50 | Create | Cavalry Archer |
| 18:58 | Create | Villager (Male) |
| 19:12 | Create | Cavalry Archer |
| 19:12 | Create | Cavalry Archer |
| 19:14 | Create | Villager (Male) |
| 19:27 | Create | Cavalry Archer |
| 19:46 | Create | Villager (Male) |
| 19:53 | Create | Villager (Male) |
| 20:08 | Create | Cavalry Archer |
| 20:08 | Create | Cavalry Archer |
| 20:08 | Create | Cavalry Archer |
| 20:15 | Build | Siege Workshop |
| 20:17 | Create | Cavalry Archer |
| 20:17 | Create | Cavalry Archer |
| 21:18 | Build | Palisade Wall |
| 21:21 | Build | Lumber Camp |
| 21:25 | Create | Villager (Male) |
| 21:33 | Create | Villager (Male) |
| 21:33 | Create | Villager (Male) |
| 21:58 | Create | Villager (Male) |
| 22:02 | Build | Town Center |
| 22:13 | Create | Villager (Male) |
| 22:35 | Create | Villager (Male) |
| 22:35 | Create | Villager (Male) |
| 22:42 | Create | Villager (Male) |
| 22:52 | Build | University |
| 23:05 | Research | Horse Collar |
| 23:17 | Create | Villager (Male) |
| 23:23 | Create | Villager (Male) |
| 23:28 | Create | Villager (Male) |
| 23:31 | Build | Market |
| 23:44 | Build | Mill |
| 23:49 | Create | Villager (Male) |
| 23:55 | Create | Mangonel |
| 23:57 | Create | Villager (Male) |
| 24:10 | Create | Villager (Male) |
| 24:21 | Create | Villager (Male) |
| 24:33 | Build | Town Center |
| 24:37 | Create | Villager (Male) |
| 24:43 | Build | Farm |
| 24:44 | Create | Villager (Male) |
| 24:45 | Create | Villager (Male) |
| 25:00 | Create | Villager (Male) |
| 25:10 | Build | Town Center |
| 25:18 | Create | Villager (Male) |
| 25:20 | Research | Ballistics |
| 25:21 | Create | Villager (Male) |
| 25:48 | Create | Villager (Male) |
| 25:51 | Create | Villager (Male) |
| 25:57 | Build | Farm |
| 25:57 | Build | Farm |
| 25:58 | Build | Farm |
| 25:58 | Build | Farm |
| 25:58 | Build | Farm |
| 26:06 | Create | Villager (Male) |
| 26:18 | Research | Bodkin Arrow |
| 26:40 | Create | Villager (Male) |
| 26:49 | Build | Palisade Wall |
| 26:52 | Create | Villager (Male) |
| 27:06 | Create | Villager (Male) |
| 27:06 | Create | Villager (Male) |
| 27:07 | Create | Cavalry Archer |
| 27:07 | Create | Cavalry Archer |
| 27:07 | Create | Cavalry Archer |
| 27:08 | Create | Villager (Male) |
| 27:12 | Build | Farm |
| 27:12 | Build | Farm |
| 27:14 | Create | Cavalry Archer |
| 27:19 | Build | Farm |
| 27:20 | Build | Farm |
| 27:22 | Create | Villager (Male) |
| 27:25 | Create | Villager (Male) |
| 27:31 | Create | Villager (Male) |
| 27:42 | Build | Mining Camp |
| 27:42 | Create | Villager (Male) |
| 27:51 | Build | Lumber Camp |
| 27:52 | Build | Farm |
| 27:53 | Build | Farm |
| 27:53 | Build | Farm |
| 27:54 | Create | Villager (Male) |
Build order — しいな まひる
First 150 of 270 actions detected
| 0:36 | Build | Town Center |
| 1:02 | Build | House |
| 2:38 | Create | Villager (Male) |
| 2:38 | Create | Villager (Male) |
| 2:38 | Create | Villager (Male) |
| 2:39 | Create | Villager (Male) |
| 3:38 | Create | Villager (Male) |
| 4:06 | Create | Villager (Male) |
| 4:12 | Build | House |
| 4:51 | Build | House |
| 4:55 | Create | Villager (Male) |
| 5:26 | Build | Dock |
| 5:28 | Create | Villager (Male) |
| 5:41 | Create | Villager (Male) |
| 6:05 | Create | Villager (Male) |
| 6:10 | Create | Fishing Ship |
| 6:12 | Build | House |
| 6:29 | Create | Villager (Male) |
| 6:45 | Create | Fishing Ship |
| 7:05 | Create | Villager (Male) |
| 7:25 | Create | Fishing Ship |
| 7:28 | Create | Villager (Male) |
| 7:38 | Build | House |
| 7:43 | Build | House |
| 8:00 | Build | Mill |
| 8:08 | Create | Villager (Male) |
| 8:26 | Create | Fishing Ship |
| 8:30 | Create | Villager (Male) |
| 8:30 | Create | Villager (Male) |
| 8:45 | Create | Villager (Male) |
| 8:55 | Build | House |
| 9:12 | Create | Villager (Male) |
| 9:12 | Create | Villager (Male) |
| 9:12 | Create | Villager (Male) |
| 9:20 | Build | Lumber Camp |
| 9:25 | Create | Villager (Male) |
| 9:27 | Create | Villager (Male) |
| 9:39 | Build | House |
| 9:48 | Create | Villager (Male) |
| 9:49 | Create | Villager (Male) |
| 9:49 | Create | Villager (Male) |
| 10:18 | Research | Loom |
| 10:42 | Build | Mining Camp |
| 11:06 | Research | Feudal Age |
| 11:27 | Build | House |
| 11:41 | Build | House |
| 12:01 | Build | House |
| 12:14 | Build | House |
| 12:26 | Build | House |
| 12:39 | Build | House |
| 13:22 | Create | Villager (Male) |
| 13:22 | Create | Villager (Male) |
| 13:38 | Age | Feudal Age |
| 13:38 | Build | Market |
| 13:41 | Build | Blacksmith |
| 13:47 | Research | Double-Bit Axe |
| 13:47 | Research | Double-Bit Axe |
| 13:54 | Build | Fish Trap |
| 14:15 | Build | House |
| 14:27 | Research | Castle Age |
| 15:01 | Build | Fish Trap |
| 15:34 | Build | Fish Trap |
| 16:10 | Build | Fish Trap |
| 16:21 | Create | Villager (Male) |
| 16:52 | Build | House |
| 17:08 | Age | Castle Age |
| 17:13 | Build | Castle |
| 17:24 | Create | Fishing Ship |
| 17:25 | Create | Villager (Male) |
| 17:27 | Research | Bow Saw |
| 17:29 | Research | Forging |
| 17:42 | Create | Villager (Male) |
| 18:09 | Build | Fish Trap |
| 18:10 | Create | Fishing Ship |
| 18:17 | Create | Villager (Male) |
| 18:41 | Create | Gbeto |
| 18:48 | Create | Fishing Ship |
| 18:52 | Build | Fish Trap |
| 18:54 | Create | Villager (Male) |
| 18:54 | Create | Villager (Male) |
| 18:58 | Create | Gbeto |
| 19:01 | Create | Gbeto |
| 19:01 | Create | Gbeto |
| 19:03 | Build | Mining Camp |
| 19:11 | Create | Gbeto |
| 19:11 | Create | Gbeto |
| 19:22 | Create | Villager (Male) |
| 19:22 | Create | Villager (Male) |
| 19:28 | Build | Siege Workshop |
| 19:34 | Build | Fish Trap |
| 19:40 | Create | Villager (Male) |
| 19:53 | Create | Gbeto |
| 20:20 | Build | Town Center |
| 20:23 | Create | Villager (Male) |
| 20:24 | Create | Villager (Male) |
| 20:44 | Create | Scorpion |
| 20:51 | Build | Farm |
| 21:06 | Create | Gbeto |
| 21:06 | Create | Gbeto |
| 21:08 | Create | Scorpion |
| 21:18 | Create | Villager (Male) |
| 21:41 | Create | Scorpion |
| 21:45 | Create | Villager (Male) |
| 21:45 | Create | Villager (Male) |
| 21:49 | Create | Villager (Male) |
| 22:03 | Create | Gbeto |
| 22:14 | Create | Villager (Male) |
| 22:27 | Create | Villager (Male) |
| 22:28 | Create | Villager (Male) |
| 22:37 | Create | Villager (Male) |
| 22:38 | Create | Villager (Male) |
| 22:39 | Create | Scorpion |
| 22:45 | Build | Farm |
| 22:45 | Build | Farm |
| 22:46 | Create | Villager (Male) |
| 23:05 | Create | Scorpion |
| 23:06 | Create | Villager (Male) |
| 23:06 | Create | Villager (Male) |
| 23:10 | Build | Farm |
| 23:10 | Build | Farm |
| 23:10 | Build | Farm |
| 23:11 | Build | Farm |
| 23:12 | Create | Villager (Male) |
| 23:12 | Create | Villager (Male) |
| 23:14 | Create | Gbeto |
| 23:21 | Create | Villager (Male) |
| 23:24 | Build | University |
| 23:33 | Create | Villager (Male) |
| 23:34 | Create | Villager (Male) |
| 23:35 | Build | House |
| 23:40 | Create | Scorpion |
| 23:45 | Create | Gbeto |
| 24:04 | Create | Gbeto |
| 24:04 | Create | Gbeto |
| 24:05 | Create | Villager (Male) |
| 24:05 | Create | Villager (Male) |
| 24:16 | Create | Villager (Male) |
| 24:19 | Build | Town Center |
| 24:20 | Create | Villager (Male) |
| 24:26 | Create | Battering Ram |
| 24:27 | Create | Battering Ram |
| 24:35 | Create | Villager (Male) |
| 24:35 | Create | Villager (Male) |
| 24:35 | Create | Villager (Male) |
| 25:01 | Create | Villager (Male) |
| 25:01 | Create | Villager (Male) |
| 25:01 | Create | Villager (Male) |
| 25:02 | Create | Villager (Male) |
| 25:06 | Create | Gbeto |
| 25:14 | Research | Scale Mail Armor |
Build order — 睦子米
First 150 of 174 actions detected
| 0:32 | Build | Town Center |
| 2:03 | Build | House |
| 3:03 | Create | Villager (Male) |
| 3:03 | Create | Villager (Male) |
| 3:05 | Create | Villager (Male) |
| 3:15 | Create | Villager (Male) |
| 3:54 | Create | Villager (Male) |
| 4:11 | Create | Villager (Male) |
| 4:45 | Build | House |
| 5:10 | Create | Villager (Male) |
| 5:18 | Build | Settlement |
| 5:23 | Create | Villager (Male) |
| 5:38 | Create | Villager (Male) |
| 6:04 | Create | Villager (Male) |
| 6:34 | Create | Villager (Male) |
| 7:20 | Create | Villager (Male) |
| 7:23 | Create | Villager (Male) |
| 7:27 | Build | House |
| 8:21 | Create | Villager (Male) |
| 8:41 | Build | Palisade Wall |
| 8:42 | Build | Palisade Wall |
| 8:43 | Build | Palisade Wall |
| 8:46 | Build | Palisade Wall |
| 8:47 | Build | Palisade Wall |
| 8:48 | Build | Palisade Wall |
| 8:57 | Create | Villager (Male) |
| 8:59 | Create | Villager (Male) |
| 9:08 | Create | Villager (Male) |
| 9:13 | Create | Villager (Male) |
| 9:25 | Create | Villager (Male) |
| 9:36 | Build | Palisade Wall |
| 9:38 | Build | Palisade Wall |
| 9:39 | Build | Palisade Wall |
| 9:40 | Build | Palisade Wall |
| 9:42 | Build | Palisade Wall |
| 9:43 | Build | Palisade Wall |
| 9:43 | Build | Palisade Wall |
| 9:44 | Build | Palisade Wall |
| 9:49 | Build | Palisade Wall |
| 9:50 | Create | Villager (Male) |
| 10:03 | Build | Settlement |
| 10:05 | Create | Villager (Male) |
| 11:03 | Build | Palisade Wall |
| 11:08 | Research | Feudal Age |
| 11:29 | Build | Palisade Wall |
| 11:30 | Build | Palisade Wall |
| 11:31 | Build | Palisade Wall |
| 11:32 | Build | Palisade Wall |
| 11:37 | Build | Palisade Wall |
| 11:38 | Build | Palisade Wall |
| 11:39 | Build | Palisade Wall |
| 11:41 | Build | Palisade Wall |
| 11:42 | Build | Palisade Wall |
| 11:45 | Build | Palisade Wall |
| 11:46 | Build | Palisade Wall |
| 11:50 | Build | Palisade Wall |
| 11:50 | Build | Palisade Wall |
| 12:42 | Build | Palisade Wall |
| 13:37 | Age | Feudal Age |
| 13:41 | Build | Market |
| 13:43 | Build | Blacksmith |
| 13:46 | Create | Villager (Male) |
| 13:47 | Create | Villager (Male) |
| 13:57 | Research | Double-Bit Axe |
| 14:29 | Research | Castle Age |
| 14:49 | Build | Palisade Wall |
| 15:12 | Build | Palisade Wall |
| 15:48 | Build | Settlement |
| 15:52 | Build | Settlement |
| 16:09 | Build | Palisade Wall |
| 17:16 | Age | Castle Age |
| 17:34 | Build | Castle |
| 17:38 | Create | Villager (Male) |
| 17:39 | Create | Villager (Male) |
| 17:54 | Build | Castle |
| 17:58 | Create | Villager (Male) |
| 18:07 | Create | Villager (Male) |
| 18:16 | Create | Villager (Male) |
| 18:40 | Create | Villager (Male) |
| 18:54 | Create | Villager (Male) |
| 19:01 | Build | Settlement |
| 19:21 | Create | Unit 2579 |
| 19:22 | Create | Unit 2579 |
| 19:22 | Create | Unit 2579 |
| 20:18 | Create | Unit 2579 |
| 20:25 | Build | Town Center |
| 20:31 | Create | Villager (Male) |
| 20:39 | Create | Unit 2579 |
| 20:39 | Create | Unit 2579 |
| 20:48 | Build | Farm |
| 20:50 | Build | Farm |
| 20:56 | Create | Unit 2579 |
| 21:26 | Create | Unit 2579 |
| 21:26 | Create | Unit 2579 |
| 21:26 | Create | Unit 2579 |
| 21:33 | Build | Farm |
| 21:51 | Create | Unit 2579 |
| 21:52 | Create | Unit 2579 |
| 22:27 | Create | Unit 2579 |
| 22:27 | Create | Unit 2579 |
| 22:27 | Create | Unit 2579 |
| 22:29 | Create | Villager (Male) |
| 22:29 | Create | Villager (Male) |
| 22:44 | Create | Unit 2579 |
| 22:45 | Create | Unit 2579 |
| 23:02 | Research | Loom |
| 23:13 | Create | Unit 2579 |
| 23:30 | Create | Unit 2579 |
| 23:30 | Create | Unit 2579 |
| 23:41 | Research | Fletching |
| 24:05 | Create | Unit 2579 |
| 24:22 | Create | Unit 2579 |
| 24:32 | Create | Unit 2579 |
| 24:37 | Create | Villager (Male) |
| 24:38 | Create | Villager (Male) |
| 24:41 | Build | Farm |
| 24:43 | Build | Farm |
| 24:43 | Build | Farm |
| 24:44 | Build | Farm |
| 24:44 | Build | Farm |
| 24:44 | Build | Farm |
| 24:45 | Build | Farm |
| 24:55 | Create | Unit 2579 |
| 25:03 | Create | Unit 2579 |
| 25:04 | Create | Unit 2579 |
| 25:28 | Create | Unit 2579 |
| 25:33 | Create | Unit 2579 |
| 25:37 | Create | Villager (Male) |
| 25:37 | Create | Villager (Male) |
| 25:38 | Create | Villager (Male) |
| 25:39 | Create | Villager (Male) |
| 25:39 | Create | Villager (Male) |
| 26:00 | Create | Unit 2579 |
| 26:09 | Create | Villager (Male) |
| 26:12 | Create | Unit 2579 |
| 26:12 | Create | Unit 2579 |
| 26:13 | Create | Villager (Male) |
| 26:22 | Create | Unit 2579 |
| 26:22 | Create | Unit 2579 |
| 26:30 | Create | Villager (Male) |
| 26:33 | Create | Unit 2579 |
| 26:53 | Create | Unit 2579 |
| 26:54 | Create | Villager (Male) |
| 26:58 | Build | Farm |
| 27:15 | Build | Town Center |
| 27:17 | Create | Villager (Male) |
| 27:33 | Create | Unit 2579 |
| 28:20 | Create | Unit 2579 ×5 |
| 28:20 | Create | Unit 2579 ×2 |
| 28:21 | Create | Villager (Male) |
Match timeline
| 5:26 | しいな まひる · first_building Dock |
| 8:34 | 三福 · first_building Barracks |
| 8:41 | 睦子米 · wall_segment Palisade Wall x2 |
| 8:42 | 睦子米 · wall_segment Palisade Wall x1 |
| 8:43 | 睦子米 · wall_segment Palisade Wall x1 |
| 8:46 | 睦子米 · wall_segment Palisade Wall x1 |
| 8:47 | 睦子米 · wall_segment Palisade Wall x1 |
| 8:48 | 睦子米 · wall_segment Palisade Wall x1 |
| 9:36 | 睦子米 · wall_segment Palisade Wall x1 |
| 9:38 | 睦子米 · wall_segment Palisade Wall x1 |
| 9:39 | 睦子米 · wall_segment Palisade Wall x1 |
| 9:40 | 睦子米 · wall_segment Palisade Wall x2 |
| 9:42 | 睦子米 · wall_segment Palisade Wall x1 |
| 9:43 | 睦子米 · wall_segment Palisade Wall x1 |
| 9:43 | 睦子米 · wall_segment Palisade Wall x1 |
| 9:44 | 睦子米 · wall_segment Palisade Wall x1 |
| 9:49 | 睦子米 · wall_segment Palisade Wall x2 |
| 9:54 | 懦夫 · wall_segment Palisade Wall x2 |
| 9:55 | ACirnoStrife · first_building Barracks |
| 9:57 | 懦夫 · wall_segment Palisade Wall x1 |
| 10:14 | 雨晴日 · first_building Barracks |
| 10:27 | 风悠 · wall_segment Palisade Wall x1 |
| 10:28 | 风悠 · wall_segment Palisade Wall x1 |
| 10:32 | 风悠 · wall_segment Palisade Wall x1 |
| 10:37 | 风悠 · first_building Barracks |
| 10:39 | 风悠 · wall_segment Palisade Wall x1 |
| 10:40 | 风悠 · wall_segment Palisade Wall x1 |
| 10:41 | 风悠 · wall_segment Palisade Wall x1 |
| 10:42 | 风悠 · wall_segment Palisade Wall x1 |
| 11:02 | 科学性咲恋 · first_building Barracks |
| 11:03 | 睦子米 · wall_segment Palisade Wall x1 |
| 11:04 | 懦夫 · wall_segment Palisade Wall x1 |
| 11:19 | 雨晴日 · age_up feudal |
| 11:21 | 雨晴日 · first_building Archery Range |
| 11:29 | 睦子米 · wall_segment Palisade Wall x1 |
| 11:30 | 睦子米 · wall_segment Palisade Wall x1 |
| 11:31 | 睦子米 · wall_segment Palisade Wall x1 |
| 11:32 | 睦子米 · wall_segment Palisade Wall x1 |
| 11:37 | 睦子米 · wall_segment Palisade Wall x1 |
| 11:38 | 睦子米 · wall_segment Palisade Wall x1 |
| 11:39 | 睦子米 · wall_segment Palisade Wall x1 |
| 11:41 | 睦子米 · wall_segment Palisade Wall x1 |
| 11:42 | 睦子米 · wall_segment Palisade Wall x1 |
| 11:45 | 睦子米 · wall_segment Palisade Wall x1 |
| 11:46 | 睦子米 · wall_segment Palisade Wall x1 |
| 11:50 | 睦子米 · wall_segment Palisade Wall x1 |
| 11:50 | 睦子米 · wall_segment Palisade Wall x1 |
| 11:51 | 懦夫 · first_building Barracks |
| 12:24 | 科学性咲恋 · age_up feudal |
| 12:42 | 睦子米 · wall_segment Palisade Wall x1 |
| 13:15 | 三福 · age_up feudal |
| 13:22 | 三福 · first_building Archery Range |
| 13:25 | 风悠 · age_up feudal |
| 13:26 | 风悠 · first_building Archery Range |
| 13:37 | ACirnoStrife · age_up feudal |
| 13:37 | 睦子米 · age_up feudal |
| 13:38 | しいな まひる · age_up feudal |
| 13:39 | ACirnoStrife · first_building Stable |
| 14:10 | 懦夫 · age_up feudal |
| 14:12 | 懦夫 · first_building Archery Range |
| 14:28 | 睦子米 · first_market_sell 100 stone |
| 14:49 | 睦子米 · wall_segment Palisade Wall x1 |
| 15:12 | 睦子米 · wall_segment Palisade Wall x1 |
| 16:08 | 科学性咲恋 · age_up castle |
| 16:09 | 睦子米 · wall_segment Palisade Wall x1 |
| 17:07 | 科学性咲恋 · first_building Siege Workshop |
| 17:07 | ACirnoStrife · age_up castle |
| 17:08 | 风悠 · age_up castle |
| 17:08 | しいな まひる · age_up castle |
| 17:13 | しいな まひる · first_building Castle |
| 17:16 | 睦子米 · age_up castle |
| 17:23 | 睦子米 · first_market_buy 100 stone |
| 17:34 | 睦子米 · first_building Castle |
| 17:43 | 三福 · age_up castle |
| 17:51 | 懦夫 · age_up castle |
| 18:25 | 懦夫 · first_building Stable |
| 18:43 | ACirnoStrife · first_building Monastery |
| 19:00 | しいな まひる · first_market_buy 100 food |
| 19:15 | 三福 · first_building Castle |
| 19:27 | ACirnoStrife · wall_segment Stone Wall x22 |
| 19:28 | しいな まひる · first_building Siege Workshop |
| 19:38 | ACirnoStrife · wall_segment Stone Wall x21 |
| 20:15 | 风悠 · first_building Siege Workshop |
| 20:22 | 三福 · resign |
| 21:13 | 雨晴日 · first_market_sell 100 wood |
| 21:18 | 风悠 · wall_segment Palisade Wall x1 |
| 23:00 | 雨晴日 · first_market_buy 100 food |
| 24:03 | ACirnoStrife · wall_segment Stone Wall x19 |
| 24:27 | 风悠 · first_market_buy 100 stone |
| 25:52 | 雨晴日 · age_up castle |
| 26:49 | 风悠 · wall_segment Palisade Wall x2 |
| 27:08 | ACirnoStrife · first_building Siege Workshop |
| 28:34 | ACirnoStrife · wall_segment Palisade Wall x2 |
| 28:41 | ACirnoStrife · wall_segment Stone Wall x1 |
| 28:42 | ACirnoStrife · wall_segment Stone Wall x1 |
| 29:14 | しいな まひる · first_building Barracks |
| 29:25 | 科学性咲恋 · first_market_sell 100 stone |
| 29:27 | 科学性咲恋 · first_market_buy 100 wood |
| 29:53 | 风悠 · first_building Stable |
| 30:26 | しいな まひる · first_building Monastery |
[ AI ANALYSIS · 1 CREDIT ]
What really happened in this match?
Wolo.gg analyzes every decision: build order, eco, micro, common mistakes by bracket. Personalized analysis on WhatsApp or Discord in 30 seconds.
Civ guide
Armenians
Perfil
Jugador #8585066